 Dungeon Crawl Stone Soup version 0.24-a0-201-gf205589 (console) character file.

Game seed: 2646646655273065130

77 bli the Slasher (level 4, -3/38 HPs)
             Began as a Draconian Monk on Mar 25, 2019.
             Killed by divine providence
             ... invoked by an orc priest
              (10 damage)
             ... on level 4 of the Dungeon.
             The game lasted 00:02:55 (1308 turns).

bli the Slasher (Draconian Monk)                    Turns: 1308, Time: 00:02:56

Health: -3/38      AC:  5    Str: 13    XL:     4   Next: 13%
Magic:  4/4        EV: 13    Int: 10    God:
Gold:   93         SH:  0    Dex: 15    Spells: 3/3 levels left

rFire    . . .     SeeInvis .   a - +0 falchion
rCold    . . .     Gourm    .   (no shield)
rNeg     . . .     Faith    .   (armour unavailable)
rPois    .         Spirit   .   (helmet restricted)
rElec    .         Reflect  .   (no cloak)
rCorr    .         Harm     .   (no gloves)
MR       .....                  (no boots)
Stlth    ++........             (no amulet)
HPRegen  0.12/turn              (no ring)
MPRegen  0.09/turn              (no ring)

@: lightly drained
A: unfitting armour, cold-blooded, AC +5
a: no special abilities


You were on level 4 of the Dungeon.
You were hungry.

You visited 1 branch of the dungeon, and saw 3 of its levels.

You collected 93 gold pieces.

Inventory:

Hand Weapons
 a - a +0 falchion (weapon)
Missiles
 e - 53 stones (quivered)
 g - 4 curare-tipped needles
 k - 11 sling bullets
 l - 8 steel tomahawks
Scrolls
 c - a scroll of magic mapping {unknown}
 d - a scroll of identify {unknown}
 f - a scroll of remove curse {unknown}
 h - 2 scrolls of teleportation {unknown}
 i - a scroll of enchant weapon {unknown}
Comestibles
 b - 4 rations
 j - 3 chunks of flesh


   Skills:
 - Level 3.2(2.7) Fighting
 + Level 4.1(3.5) Long Blades
 * Level 3.7(3.1) Dodging
 - Level 1.7(1.2) Stealth


You had 3 spell levels left.
You didn't know any spells.
Your spell library was empty.

Dungeon Overview and Level Annotations

Branches:
Dungeon (2/15)

Altars:


Innate Abilities, Weirdness & Mutations

Your plain brown scales are hard. (AC +5)
You cannot fit into any form of body armour.
You are cold-blooded and may be slowed by cold attacks.


Message History

The orc hits you with a +1 war axe of draining!
You feel drained.
You are feeling hungry.
You hit the orc priest. You tail-slap the orc priest.
The orc priest is heavily wounded.
The orc hits you with a +0 flail. The orc priest hits you with a +0 club.
* * * LOW HITPOINT WARNING * * *
The orc completely misses you.
You barely miss the orc priest.
Your tail-slap misses the orc priest.
The orc priest is heavily wounded.
The orc hits you with a +0 flail.
* * * LOW HITPOINT WARNING * * *
The orc priest hits you with a +0 club.
* * * LOW HITPOINT WARNING * * *
The orc hits you but does no damage.
You feel drained.
The orc priest begins to cast a cantrip, but forgets the words!
The orc completely misses you.
You riposte.
You closely miss the orc.
Your tail-slap misses the orc.
The orc priest calls down the wrath of Beogh upon you.
Beogh smites you!
You die...

#### #...## #......
##....... ######
####........ .. ##.....##
###.ooo....... .#
##.......###.@.#.)#......
.# #.........##.###.##
...## . #............#
..# ..# #
##.........#####.## .#
###................# .#
##..........)####....# #
............## ..####
##.#.........##..##
...#............#
.###.........####
...#.........#


You could see an orc priest and 2 orcs.

Vanquished Creatures
  A centaur skeleton (D:4)
  2 adders (D:2)
  2 dart slugs (D:1)
  4 leopard geckos
  2 orcs (D:4)
  4 jackals (D:2)
  A bat (D:1)
  3 frilled lizards
  2 goblins
  A kobold (D:1)
  A quokka skeleton (D:4)
  2 rats
  A plant (D:1)
26 creatures vanquished.

Notes
Turn   | Place    | Note
-------+----------+-------------------------------------------
     0 | D:1      | bli the Draconian Monk began the quest for the Orb.
     0 | D:1      | Reached XP level 1. HP: 19/19 MP: 1/1
   182 | D:1      | Reached XP level 2. HP: 21/26 MP: 2/2
   870 | D:2      | Reached XP level 3. HP: 23/31 MP: 3/3
  1198 | D:2      | You fall through a shaft for 2 floors!
  1214 | D:4      | Reached skill level 4 in Long Blades
  1214 | D:4      | Reached XP level 4. HP: 27/38 MP: 4/4
  1308 | D:4      | Killed from afar by an orc priest

Levels and vault maps discovered:
D:1:      matt_arrival_spirals, layout_basic, serial_forest,
          infiniplex_forest_fountain, infiniplex_forest_clump_curved,
          infiniplex_forest_straight_1, infiniplex_forest_zigzag_2,
          infiniplex_forest_lined_4_way, infiniplex_forest_join,
          infiniplex_forest_straight_3
D:2:      layout_loops_cross, overflow_temple_1_default,
          makhleb_heckhound_becter
D:4:      layout_rooms, uniq_crazy_yiuf_cottage, uniq_blork_the_orc,
          uniq_sigmund, uniq_eustachio

Skill      XL: |  1  2  3 |
---------------+----------+-----
Dodging        | 3 |  3.7
Long Blades    | 4 |  4.1
Fighting       | |  3.2
Stealth        | |  1.7

Action                   |  1- 3 |  4- 6 || total
-------------------------+-------+-------++-------
Melee: Falchion          |   122 |    12 ||   134
       Tailslap          |    20 |     3 ||    23
 Stab: Sleeping          |     6 |       ||     6
  Eat: Chunk             |     1 |       ||     1
Armor: Skin              |    22 |     3 ||    25
Dodge: Dodged            |    50 |    13 ||    63
       Rpst.: Falchion   |    10 |     6 ||    16

Table legend:
 A = Non-vault XP
 B = Vault XP
 C = Vault XP percentage of total XP
 D = Non-vault monster count
 E = Vault monster count
 F = Vault count percentage of total count
                 A         B        C        D         E       F
            +---------+---------+-------+---------+---------+-------
      Total |     110 |       0 |   0.0 |      25 |       0 |   0.0
            +---------+---------+-------+---------+---------+-------
        D:1 |      23 |       0 |   0.0 |      11 |       0 |   0.0
        D:2 |      37 |       0 |   0.0 |       8 |       0 |   0.0
        D:4 |      50 |       0 |   0.0 |       6 |       0 |   0.0
            +---------+---------+-------+---------+---------+-------
